AoeStats
← Dengalenga

Nomad

509470532Analyzed
4v4 RM · 7d ago on Sep 26, 2026· 51m 16s· 8 players
Game mode
Random Map
Map size
231×231
Population
200
Speed
Normal
Resources
Standard
Victory
Conquest
Starting age
Dark Age
Ending age
Imperial Age
RankedLock teamsTeams togetherTeam positionsShared explorationLock speedFull tech treeHidden civsTurbo modeCheats
Victory
Defeat
🇵🇹 Varangians · Portugal
1330
+16
🇨🇱 Burgundians · Chile
1243
+19
🇲🇿 Portuguese · Mozambique
1235
+20
🇲🇿 Italians · Mozambique
1175
+21
🇹🇷 Khmer · Türkiye
1373
-21
🇹🇷 Lithuanians · Türkiye
1328
-20
🇧🇷 Vikings · Brazil
1319
-19
🇹🇷 Japanese · Türkiye
1241
-16
talespereira012
4:52 Loom
14:32 Feudal Age
15:06 Town Watch
15:55 Fletching
16:34 Double-Bit Axe
22:39 Castle Age
24:09 Medium Warships
CatyKat
11:18 Loom
15:39 Feudal Age
16:33 Double-Bit Axe
21:42 Castle Age
20:48 Gold Mining
20:50 Stone Mining
22:59 Bow Saw
23:01 Forging
25:50 Medium Warships
25:54 Fishing Lines
27:13 Horse Collar
27:56 Heavy Plow
28:55 Fletching
31:12 Ballistics
33:12 Scale Mail Armor
38:33 Imperial Age
36:38 Bodkin Arrow
38:25 Guard Tower
39:46 Wheelbarrow
39:42 Kataparuto
40:14 Gold Shaft Mining
40:14 Yasama
43:26 Keep
42:36 Arrowslits
42:53 Bracer
43:06 Yasama
44:28 Iron Casting
44:08 Chain Mail Armor
46:01 Murder Holes
48:39 Plate Mail Armor
51:19 Chemistry
51:49 Blast Furnace
JUST A TURK
12:49 Feudal Age
12:07 Loom
14:02 Feudal Age
18:48 Castle Age
17:07 Double-Bit Axe
17:29 Horse Collar
18:58 Gold Mining
21:45 Stone Mining
21:46 Gold Mining
Kaii
4:58 Loom
15:07 Feudal Age
18:04 Castle Age
16:44 Double-Bit Axe
17:31 Horse Collar
19:04 Bow Saw
20:06 Heavy Plow
27:31 Gold Mining
30:26 Imperial Age
27:49 Gold Mining
28:48 Wheelbarrow
29:07 Husbandry
29:17 Bloodlines
30:01 Forging
29:56 Scale Barding Armor
32:37 Chain Barding Armor
32:52 Iron Casting
33:22 Elite Battle Elephant
34:34 Tusk Swords
36:50 Plate Barding Armor
37:16 Blast Furnace
rijuant
4:17 Loom
12:54 Feudal Age
11:20 Double-Bit Axe
18:27 Castle Age
16:52 Bow Saw
17:18 Town Watch
18:26 Stone Mining
21:46 Wheelbarrow
21:16 Fletching
26:48 Horse Collar
27:55 Gold Mining
30:04 Hand Cart
30:07 Scale Barding Armor
32:02 Two-Man Saw
35:48 Imperial Age
33:46 Scale Mail Armor
37:08 Fervor
41:49 Illumination
41:47 Block Printing
42:28 Sanctity
41:51 Light Cavalry
41:54 Capped Ram
49:54 Light Cavalry
50:51 Husbandry
Dengalenga
5:11 Loom
14:03 Feudal Age
18:44 Castle Age
17:15 Double-Bit Axe
18:37 Fletching
18:53 Crossbowman
20:14 Town Watch
21:09 Wheelbarrow
21:10 Bodkin Arrow
21:16 Padded Archer Armor
28:06 Ballistics
29:23 Bow Saw
38:22 Imperial Age
36:31 Thumb Ring
38:23 Arbalester
39:06 Bracer
39:21 Leather Archer Armor
39:27 Pikeman
39:54 Arson
40:11 Horse Collar
40:21 Halberdier
42:15 Scale Mail Armor
43:05 Heavy Plow
45:08 Chemistry
44:17 Capped Ram
46:53 Chain Mail Armor
46:49 Forging
47:11 Ring Archer Armor
47:52 Two-Man Saw
48:06 Plate Mail Armor
51:06 Gambesons
Ociru3
3:46 Loom
14:26 Feudal Age
19:48 Castle Age
22:20 Double-Bit Axe
22:15 Horse Collar
22:39 Gold Mining
23:53 Fletching
25:26 Bodkin Arrow
26:46 Heavy Plow
27:01 Bow Saw
39:36 Wheelbarrow
40:40 Pikeman
41:20 Squires
41:06 Arson
42:47 Hand Cart
42:47 Padded Archer Armor
44:27 Leather Archer Armor
Ora Viva
4:37 Loom
13:24 Feudal Age
14:49 Double-Bit Axe
17:40 Castle Age
15:30 Double-Bit Axe
16:15 Fishing Lines
18:41 Medium Warships
18:53 Bow Saw
20:07 Gillnets
22:01 Wheelbarrow
24:41 Careening
25:39 Clinker Construction
33:19 Imperial Age
31:50 Gold Mining
31:50 Stone Mining
32:39 Horse Collar
33:38 Forging
33:33 Scale Barding Armor
36:10 Conscription
36:32 Hand Cart
38:01 Iron Casting
37:39 Bloodlines
37:29 Husbandry
39:12 Stone Shaft Mining
39:49 Blast Furnace
41:08 Elite Jarl
41:42 Light Cavalry
42:10 Hussar
44:10 Chemistry
46:09 Capped Ram
46:58 Scale Mail Armor
47:13 Gambesons
47:29 Squires
47:14 Arson
46:53 Gothikon
47:25 Elite Varangian Guard
47:45 Siege Ram
Connection lost

Rejoining the realm…

Still unreachable

The connection could not be restored.

Session expired

The server has moved on; the page needs a fresh start.